 Dungeon Crawl Stone Soup version 0.26-a0-710-g95a0c6c400 (webtiles) character file.

Game seed: 9298060460503147385

167 Descartes the Sneak (level 5, 0/24 HPs)
             Began as a Spriggan Enchanter on Oct 30, 2020.
             Slain by Edmund
             ... wielding a +2 vorpal flail
              (2 damage)
             ... on level 4 of the Dungeon.
             The game lasted 00:08:13 (3624 turns).

Descartes the Sneak (Spriggan Enchanter)            Turns: 3624, Time: 00:08:13

Health: 0/24       AC:  6    Str:  4    XL:     5   Next: 23%
Magic:  11/11      EV: 20    Int: 17    God:
Gold:   65         SH:  0    Dex: 17    Spells: 5/11 levels left

rFire    . . .     SeeInvis +   i - +1 short sword (speed)
rCold    . . .     Faith    .   (shield restricted)
rNeg     . . .     Spirit   .   b - +0 robe
rPois    .         Reflect  .   (helmet restricted)
rElec    .         Harm     .   (no cloak)
rCorr    .         Rampage  .   (gloves unavailable)
MR       .....                  (boots unavailable)
Stlth    +++.......             (no amulet)
HPRegen  0.08/turn              n - +4 ring of protection (curse)
MPRegen  0.12/turn              (no ring)

@: very quick
A: very small, unfitting armour, see invisible, speed 3
a: no special abilities


You were on level 4 of the Dungeon.
You visited 1 branch of the dungeon, and saw 4 of its levels.

You collected 65 gold pieces.

Inventory:

Hand Weapons
 a - a +1 dagger
 i - a +1 short sword of speed (weapon)
Missiles
 d - 52 stones (quivered)
 f - 3 poisoned darts
 g - 8 sling bullets
 m - 42 arrows
Armour
 b - a +0 robe (worn)
Jewellery
 n - a cursed +4 ring of protection (left hand)
Scrolls
 c - 3 scrolls of teleportation {unknown}
 e - a scroll of blinking {unknown}
 h - a scroll of identify {unknown}
 k - a scroll of immolation
 q - a scroll of amnesia {unknown}
Potions
 j - 3 potions of curing {unknown}
 l - a potion of might {unknown}
 o - a potion of cancellation {unknown}
 p - 2 potions of heal wounds {unknown}


   Skills:
 + Level 2.6 Short Blades
 + Level 4.4 Dodging
 + Level 5.7 Stealth
 + Level 3.8 Spellcasting
 + Level 4.5 Hexes


You had 5 spell levels left.
You knew the following spells:

 Your Spells              Type           Power        Failure   Level
a - Corona                Hex            ###....      2%          1
b - Confusing Touch       Hex            ###.....     8%          3
c - Ensorcelled Hibernat  Hex/Ice        ##....       10%         2

Your spell library contained the following spells:

 Spells                   Type           Power        Failure   Level
 Tukima's Dance           Hex            ###.....     8%          3
 Dazzling Flash           Conj/Hex       ##....       19%         3


Dungeon Overview and Level Annotations

Branches:
Dungeon (4/15)
 Temple: D:4-7

Altars:
Cheibriados

Annotations:
D:4 Edmund, Pikel


Innate Abilities, Weirdness & Mutations

You are very small and have problems with some larger weapons.
You are too small for most types of armour.
You have supernaturally acute eyesight. (SInv)
You cover ground extremely quickly.


Message History

There is an open door here.
There is a stone staircase leading down here.
You climb downwards.
There is a stone staircase leading up here.
There is an open door here.
There is an escape hatch in the floor here.
There is a stone staircase leading down here.
You climb downwards.
Level annotation: Edmund, Pikel The lemure hits you.
Edmund hits you with a +2 vorpal flail!
Ouch! That really hurt!
* * * LOW HITPOINT WARNING * * *
The bullfrog skeleton closely misses you.
The lemure hits you.
* * * LOW HITPOINT WARNING * * *
Pikel closely misses you. The lemure completely misses you.
The bullfrog skeleton hits you but does no damage.
There is a stone staircase leading up here.
The lemure hits you but does no damage. Edmund hits you with a +2 vorpal flail.
You die...

##########
#........#
#........####
..........5Z##
..........K@.###
..........@.5..##
......†.........###.
##..................
#............###...
#............# ..
..(...........# .
##....$.......#
5............#


You could see Edmund, Pikel, 2 lemures and a bullfrog skeleton.

Vanquished Creatures
  2 orc wizards (D:3)
  5 adders
  2 oozes (D:2)
  2 worms
  A dart slug (D:1)
  A leopard gecko (D:2)
  6 orcs (D:3)
  2 goblins
  4 hobgoblins
  4 quokkas
  A ball python (D:4)
  8 bats
  3 frilled lizards
  6 kobolds
  3 rats
50 creatures vanquished.

Notes
Turn   | Place    | Note
-------+----------+-------------------------------------------
     0 | D:1      | Descartes the Spriggan Enchanter began the quest for the
                  | Orb.
     0 | D:1      | Reached XP level 1. HP: 9/9 MP: 5/5
   161 | D:1      | Reached XP level 2. HP: 12/13 MP: 1/6
   827 | D:2      | You fall into a shaft and drop 1 floor!
   833 | D:3      | Reached XP level 3. HP: 16/16 MP: 8/8
   915 | D:3      | Reached skill level 5 in Stealth
  1125 | D:3      | Reached XP level 4. HP: 6/21 MP: 6/10
  2076 | D:2      | Learned a level 3 spell: Confusing Touch
  2079 | D:2      | Learned a level 2 spell: Ensorcelled Hibernation
  2210 | D:2      | Found a snail-covered altar of Cheibriados.
  2495 | D:3      | Reached XP level 5. HP: 9/24 MP: 11/11
  3452 | D:4      | Noticed Pikel
  3457 | D:4      | Noticed a lemure
  3461 | D:4      | Noticed a lemure
  3461 | D:4      | Noticed a lemure
  3489 | D:4      | Noticed a lemure
  3489 | D:4      | Noticed Edmund
  3624 | D:4      | Slain by Edmund

Illustrated notes

Levels and vault maps discovered:
D:1:      lemuel_arrival_lava_pool, layout_rooms, minmay_pentomino_v2
D:2:      layout_basic, cheibriados_altar_1
D:3:      layout_basic
D:4:      layout_rooms, gammafunk_ghost_stat_death, hangedman_feature_mirror,
          yredelemnul_altar_generic, uniq_sigmund, uniq_pikel, uniq_edmund

Skill      XL: |  1  2  3  4 |
---------------+-------------+-----
Spellcasting   | 3 |  3.8
Stealth        | 5 |  5.7
Hexes          | 4 |  4.5
Short Blades   | 2 |  2.6
Dodging        | 4 |  4.4

Action                   |  1- 3 |  4- 6 || total
-------------------------+-------+-------++-------
Melee: Dagger            |    27 |       ||    27
       Short sword       |    55 |   168 ||   223
 Cast: Corona            |    19 |    28 ||    47
  Use: Scroll            |       |     1 ||     1
 Stab: Sleeping          |     8 |     8 ||    16
Armor: Robe              |     9 |    16 ||    25
Dodge: Dodged            |    59 |   122 ||   181

Table legend: (Time is in decaauts)
 A = Elapsed time spent in this place.
 B = Non-inter-level travel time spent in this place.
 C = Inter-level travel time spent in this place.
 D = Time resting spent in this place.
 E = Time spent auto-exploring this place.
 F = Levels seen in this place.
 G = Mean time per level.
                   A        B        C        D        E       F      G
               +--------+--------+--------+--------+--------+-----+--------+
         Total |   2735 |   2603 |    132 |    421 |   1660 |   4 |  683.8 |
       Dungeon |   2735 |   2603 |    132 |    421 |   1660 |   4 |  683.8 |
               +--------+--------+--------+--------+--------+-----+--------+

Top non-repeatable levels by time:
     D:2: 1284 daAuts
     D:3: 1072 daAuts
     D:1: 360 daAuts
     D:4: 19 daAuts
